 Dungeon Crawl Stone Soup version 0.21-a0-591-g2314aa112c (webtiles) character file.

714 8fpsbossfight the Archer (level 7, -2/49 HPs)
             Began as a Centaur Hunter on Dec 22, 2017.
             Was a Follower of Hepliaklqana.
             Incinerated by loom's ghost (5 damage)
             ... with a sticky flame
             ... on level 4 of the Dungeon.
             The game lasted 00:12:13 (4563 turns).

8fpsbossfight the Archer (Centaur Hunter)           Turns: 4563, Time: 00:12:13

Health: -2/49      AC:  6    Str: 15    XL:     7   Next: 41%
Magic:  7/7        EV:  9    Int: 10    God:    Hepliaklqana [*.....]
Gold:   232        SH:  0    Dex: 11    Spells: 6/6 levels left

rFire    . . .     SeeInvis .   a - +1 shortbow
rCold    . . .     Gourm    .   (shield currently unavailable)
rNeg     . . .     Faith    .   c - +0 leather armour
rPois    .         Spirit   .   h - +0 helmet
rElec    .         Reflect  .   (no cloak)
rCorr    .         Harm     .   p - +0 pair of gloves
MR       .....                  (no barding)
Stlth    +.........             (no amulet)
HPRegen  0.16/turn              (no ring)
MPRegen  0.10/turn              (no ring)

@: liquid flames, flying, glowing, drained, very quick
A: large, reduced essence, hooves 3, deformed body, speed 2, tough skin 3
a: Recall Ancestor, Ancestor Identity, Renounce Religion


You were on level 4 of the Dungeon.
You worshipped Hepliaklqana.
Hepliaklqana was aware of your devotion.
You were not hungry.

You visited 1 branch of the dungeon, and saw 5 of its levels.

You collected 232 gold pieces.

Inventory:

Hand Weapons
 a - a +1 shortbow (weapon)
 b - a +0 short sword
Missiles
 d - 32 arrows (quivered)
Armour
 c - a +0 leather armour (worn)
 h - a +0 helmet (worn)
 p - a +0 pair of gloves (worn)
Scrolls
 e - 2 scrolls of immolation {unknown}
 i - 2 scrolls of teleportation {unknown}
 l - 6 scrolls of identify {unknown}
 n - a scroll of blinking {unknown}
 o - 2 scrolls of magic mapping {unknown}
 q - a scroll of amnesia {unknown}
 s - 2 scrolls of remove curse {unknown}
 u - a scroll of random uselessness {unknown}
 v - a scroll of fog {unknown}
 y - a scroll of enchant armour {unknown}
Potions
 g - 2 potions of haste {unknown}
 j - 2 potions of heal wounds {unknown}
 k - 2 potions of flight
 m - a potion of ambrosia {unknown}
 r - 2 potions of berserk rage {unknown}
 t - a potion of agility {unknown}
 w - a potion of might {unknown}
Comestibles
 f - 9 rations
 x - 3 chunks of flesh


   Skills:
 - Level 2.0(1.2) Fighting
 + Level 11.7(10.7) Bows
 - Level 1.4(0.7) Dodging
 - Level 0.4(0.0) Stealth


You had 6 spell levels left.
You didn't know any spells.

Dungeon Overview and Level Annotations

Branches:
Dungeon (5/15)
 Temple: D:4-7

Altars:
Fedhas
Gozag
Hepliaklqana
Nemelex Xobeh
Sif Muna

Annotations:
D:5 loom's ghost, novice OgFE


Innate Abilities, Weirdness & Mutations

You have hooves in place of feet.
Armour fits poorly on your strangely shaped body.
You cover ground very quickly.
You have extremely tough skin. (AC +3)
Your life essence is reduced to manifest your ancestor. (-10% HP)


Message History

* * * LOW HITPOINT WARNING * * *
IS hits loom's ghost.
You take 30 damage, and have 10/49 hp.
MASSIVE DAMAGE!!
There is a stone staircase leading up here.
IS closely misses loom's ghost.
The centaur zombie completely misses you.
Loom's ghost sprays you with burning goo.
The sticky flame hits you!
You are covered in liquid flames!
* * * LOW HITPOINT WARNING * * *
You climb upwards.
You are covered in liquid flames!
* * * LOW HITPOINT WARNING * * *
There is a stone staircase leading down here.
You take 7 damage, and have 3/49 hp.
It was a potion of flight.
You feel very buoyant.
You fly up into the air.
You are covered in liquid flames!
You die...

..########.....#.#
#.#.##........ R.#
#.....#.# #.#.#########R
..# #.....#.# #.#.# #R
### #.......# #.#.# #R
######..###.#.# #R
###############........#
#.
..............)......###
#.
.##############..#####
#. .#....R......รท..@#
#. .#.#############.# #.
.#........# #.# #.
.#..#####.# #.# #.
.#..#...#.# #.# #.
.#..#.#.#.# #.# #.
.#..#.#.#.# #.# ###.
.#..#.#.#.# #.# #...
.#..#.#.#.# #.# #.#.


There were no monsters in sight!

Vanquished Creatures
  A phantom (D:4)
  3 big kobolds (D:3)
  A scorpion (D:4)
  An orc wizard (D:3)
  2 worker ants (D:4)
  2 adders
  3 gnolls (D:3)
  An adder skeleton (D:4)
  A dart slug (D:2)
  4 leopard geckos
  6 orcs
  8 bats
  8 giant cockroaches
  4 goblins
  4 hobgoblins
  2 jackals
  43 kobolds
  A ball python (D:2)
  5 frilled lizards (D:1)
  6 rats
106 creatures vanquished.

Vanquished Creatures (collateral kills)
  An ogre (D:4)
  A worker ant (D:4)
  A gnoll (D:3)
  An orc (D:3)
  A bat (D:3)
  2 giant cockroaches (D:3)
  A hobgoblin (D:3)
  2 jackals
  8 kobolds (D:3)
18 creatures vanquished.

Vanquished Creatures (others)
  2 ancestors
2 creatures vanquished.

Grand Total: 126 creatures vanquished

Notes
Turn   | Place    | Note
-------+----------+-------------------------------------------
     0 | D:1      | 8fpsbossfight the Centaur Hunter began the quest for the Orb.
     0 | D:1      | Reached XP level 1. HP: 17/17 MP: 1/1
    72 | D:1      | Reached XP level 2. HP: 19/24 MP: 2/2
   184 | D:1      | Reached skill level 6 in Bows
   624 | D:2      | Found a blossoming altar of Fedhas.
   695 | D:2      | Reached XP level 3. HP: 28/29 MP: 3/3
   725 | D:2      | Found a hazy altar of Hepliaklqana.
   769 | D:2      | Became a worshipper of Hepliaklqana the Forgotten
  1296 | D:2      | Found a deep blue altar of Sif Muna.
  1630 | D:3      | Reached skill level 7 in Bows
  1917 | D:3      | Reached * piety under Hepliaklqana
  1966 | D:3      | Reached XP level 4. HP: 32/32 MP: 4/4
  2064 | D:3      | Reached skill level 8 in Bows
  2175 | D:3      | Found a sparkling altar of Nemelex Xobeh.
  2518 | D:3      | Noticed a big kobold
  2532 | D:3      | Noticed a big kobold
  2534 | D:3      | Reached XP level 5. HP: 27/36 MP: 5/5
  2539 | D:3      | Reached skill level 9 in Bows
  2580 | D:3      | Reached XP level 6. HP: 33/43 MP: 6/6
  2917 | D:3      | Reached skill level 10 in Bows
  3843 | D:4      | Found an opulent altar of Gozag.
  4167 | D:4      | Reached skill level 11 in Bows
  4167 | D:4      | Reached XP level 7. HP: 49/49 MP: 7/7
  4547 | D:5      | Entered Level 5 of the Dungeon
  4547 | D:5      | Noticed loom's ghost (novice OgFE)
  4563 | D:4      | Incinerated by loom's ghost

Vault maps used:
D:1:      lightli_arrival_windingriver
D:2:      mumra_celtic_spiral_tile, lemuel_blue_sif_altar, fedhas_altar_1,
          nicolae_overflow_crystal_walls
D:3:      minmay_goblin_kobold_castle, nemelex_altar_shiori
D:4:      nicolae_gozag_seed_capital
D:5:      lemuel_insect_pit, elyvilon_altar_5, first_ration

Skill      XL: |  1  2  3  4  5  6 |
---------------+-------------------+-----
Bows           | 6 7 8 9 11 | 11.7
Fighting       | |  2.0
Dodging        | |  1.4
Stealth        | |  0.4

Action                   |  1- 3 |  4- 6 |  7- 9 || total
-------------------------+-------+-------+-------++-------
Melee: Short sword       |    62 |   113 |     8 ||   183
       Shortbow          |     6 |     1 |       ||     7
       Kick              |     9 |    22 |       ||    31
 Fire: Shortbow          |    67 |    71 |    48 ||   186
Invok: Recall Ancestor   |     1 |     3 |       ||     4
       Ancestor Identity |     1 |       |       ||     1
  Use: Potion            |       |       |     1 ||     1
  Eat: Ration            |     1 |     1 |       ||     2
       Chunk             |       |     1 |     1 ||     2
Armor: Leather armour    |    29 |    61 |     8 ||    98
Dodge: Dodged            |    45 |    86 |    11 ||   142

Table legend:
 A = Spawn XP
 B = Non-spawn XP
 C = Spawn XP percentage of total XP
 D = Spawn monster count
 E = Non-spawn monster count
 F = Spawn count percentage of total count
 G = Total turns spent on level
                    A         B        C        D         E        F      G
               +---------+---------+-------+---------+---------+-------+---------
         Total |       0 |    1020 |   0.0 |       0 |     124 |   0.0 |  4563
               +---------+---------+-------+---------+---------+-------+---------
           D:1 |       0 |      34 |   0.0 |       0 |      22 |   0.0 |   614
           D:2 |       0 |      28 |   0.0 |       0 |      17 |   0.0 |   939
           D:3 |       0 |     511 |   0.0 |       0 |      71 |   0.0 |  1876
           D:4 |       0 |     447 |   0.0 |       0 |      14 |   0.0 |  1119
               +---------+---------+-------+---------+---------+-------+---------
